 Dungeon Crawl Stone Soup version 0.17-a0-2215-g49c1de0 (webtiles) character file.

1401 Duffy the Chiller (level 8, -8/48 HPs)
             Began as an Octopode Ice Elementalist on Oct 28, 2015.
             Was a Follower of Sif Muna.
             Mangled by Pikel
             ... wielding a +1 whip of electrocution
              (16 damage)
             ... on level 6 of the Dungeon.
             The game lasted 00:12:04 (8516 turns).

Duffy the Chiller (Octopode Ice Elementalist)       Turns: 8516, Time: 00:12:04

Health: -8/48      AC:  1    Str:  8    XL:     8   Next: 69%
Magic:  13/17      EV: 12    Int: 24    God:    Sif Muna [*.....]
Gold:   287        SH:  0    Dex: 12    Spells: 4 memorised, 7 levels left

rFire  . . .     SeeInvis .     f - +0 dagger (elec)
rCold  . . .     Clarity  .     (no shield)
rNeg   . . .     SustAt   .     (helmet restricted)
rPois  .         Gourm    .     (no amulet)
rElec  .         Spirit   .     D - +5 ring of intelligence
rCorr  .         Warding  .     (no ring)
rMut   .         Stasis   .     (no ring)
MR     .....                    (no ring)
Stlth  +++.......               (no ring)
                                (no ring)
                                (no ring)
                                (no ring)

@: not resistant to hostile enchantments, fairly stealthy
A: almost no armour, amphibious, 8 rings, constrict 8, camouflage 1, gelatinous
body 1
a: Channel Energy, Renounce Religion


You were on level 6 of the Dungeon.
You worshipped Sif Muna.
Sif Muna was aware of your devotion.
You were not hungry.

You visited 2 branches of the dungeon, and saw 8 of its levels.

You collected 287 gold pieces.


Innate Abilities, Weirdness & Mutations

You cannot wear most types of armour.
You are amphibious.
You can wear up to eight rings at the same time.
You can use your tentacles to constrict eight enemies at once.
Your skin changes colour to match your surroundings (Stealth).
Your rubbery body absorbs attacks (AC +1).


   Skills:
 + Level 1.6 Fighting
 - Level 2.0 Dodging
 - Level 2.6 Stealth
 + Level 6.0 Spellcasting
 - Level 1.0 Conjurations
 - Level 2.0 Charms
 - Level 4.2 Summonings
 + Level 7.0 Ice Magic


You had 7 spell levels left.
You knew the following spells:

 Your Spells              Type           Power        Failure   Level  Hunger
a - Freeze                Ice            ####         1%          1    None
c - Throw Icicle          Conj/Ice       ####....     17%         4    ###....
j - Summon Ice Beast      Ice/Summ       ####....     10%         4    ###....
w - Ozocubu's Armour      Chrm/Ice       ####....     3%          3    #......

Inventory:

Hand Weapons
 d - a +0 dagger
 f - a +0 dagger of electrocution (weapon)
Missiles
 e - 7 tomahawks
 s - 11 poisoned needles
 B - 7 javelins (quivered)
 J - 2 throwing nets
Jewellery
 D - a +5 ring of intelligence (left tentacle)
Wands
 t - a wand of confusion (48)
Scrolls
 h - 2 scrolls of teleportation {unknown}
 i - 2 scrolls of noise {unknown}
 j - a scroll of enchant armour {unknown}
 m - 2 scrolls of remove curse
 q - a scroll of acquirement {unknown}
 r - 2 scrolls of recharging
 u - 2 scrolls of blinking
 v - 2 scrolls of enchant weapon {unknown}
 w - 2 scrolls of fear {unknown}
 x - a scroll of amnesia {unknown}
 y - a scroll of magic mapping {unknown}
 C - a scroll of immolation {unknown}
Potions
 g - a potion of ambrosia
 k - a potion of brilliance
 n - 2 potions of curing
 o - a potion of resistance {unknown}
 z - a potion of berserk rage {unknown}
 A - a potion of magic {unknown}
 E - a potion of heal wounds {unknown}
 F - a potion of cure mutation {unknown}
 G - a potion of might {unknown}
 H - a potion of invisibility {unknown}
 I - 2 potions of flight {unknown}
Books
 a - a book of Frost
Comestibles
 b - 5 bread rations
 c - 3 meat rations
 l - 2 slices of pizza
 p - 2 beef jerkies

Dungeon Overview and Level Annotations

Branches:
Dungeon (7/15)             Temple (1/1) D:6

Altars:
Ashenzari
Cheibriados
Dithmenos
Fedhas
Gozag
Kikubaaqudgha
Makhleb
Nemelex Xobeh
Okawaru
Ru
Sif Muna
Trog
Vehumet
Xom
Yredelemnul
Zin
The Shining One

Annotations:
D:6 Pikel


Message History

Your ice beast barely misses the slave.
Your ice beast hits the slave.
Your ice beast freezes the slave!
The slave dies!
You swap places.
There is an open door, spattered with blood here.
You see here an animal skin.
Eating one of 2 chunks of flesh.
This raw flesh tastes terrible.
You continue eating. x2
Your ice beast disappears in a puff of smoke!
Your ice beast disappears in a puff of smoke!
Your ice beast disappears in a puff of smoke!
Magic restored.
All of the chunks of flesh in your inventory have rotted away.
HP restored.
Done exploring.
There is a stone staircase leading down here.
You climb downwards.
Level annotation: Pikel The slave hits you.
Pikel sighs. "I should go into elves; they're easier to handle.
And prettier!"
Pikel hits you with a whip of electrocution.
You are electrocuted!
There is a stone staircase leading up here.
The slave hits you.
Pikel hits you with a whip of electrocution.
You climb upwards.
There is a stone staircase leading down here.
Pikel says, "I'm sure you'll love being tied up!"
Pikel closely misses you.
There is an open door here.
Cast which spell? (? or * to list)
A chill wind blows around you. The slave hits you.
Pikel hits you with a whip of electrocution!
You are electrocuted!
You die...

#.+..#....##+##.##.##########....
#.#..#.....#.##.##'############+#
#'##'#.....+.................+..'
#.#........###########<##+#######
#.#...#'##############.##.######.
#.'...+.............'...'...(..'.
#+#...#.#################.######.
.....##.#################'#######
.....'..........@p..[.........'.#
.....#...##....Y#K............#.#
....>##+###..##.##.##.##.[##'##.+
.....'.......##'##.##+##.>##.##.#
.....#...##.....##.##.###[##.##'#
######...##...)[##+##......#.##.#
#....+.........##.##...#..#(#
#....#.........##.##...+..#..
######!..##+###.##.##.##'###..+..


You could see Pikel, a slave and a friendly ice beast.

Action                   |  1- 3 |  4- 6 |  7- 9 || total
-------------------------+-------+-------+-------++-------
Melee: Dagger            |    73 |   100 |   105 ||   278
Throw: Javelin           |       |     2 |       ||     2
       Tomahawk          |       |     2 |       ||     2
 Cast: Freeze            |    10 |    10 |       ||    20
       Summon Ice Beast  |       |       |    25 ||    25
  Use: Scroll            |       |     4 |     3 ||     7
 Stab: Sleeping          |     7 |    14 |     5 ||    26
  Eat: Chunk             |     2 |    10 |    15 ||    27

Notes
Turn   | Place    | Note
--------------------------------------------------------------
     0 | D:1      | Duffy the Octopode Ice Elementalist began the quest for the Orb.
     0 | D:1      | Reached XP level 1. HP: 11/11 MP: 3/3
   496 | D:1      | Reached XP level 2. HP: 13/17 MP: 5/5
   983 | D:1      | Reached XP level 3. HP: 21/21 MP: 7/7
  1256 | D:1      | Learned a level 3 spell: Ozocubu's Armour
  1339 | D:2      | Reached skill level 3 in Spellcasting
  1556 | D:2      | Noticed Crazy Yiuf
  1563 | D:2      | Killed Crazy Yiuf
  1563 | D:2      | Reached skill level 4 in Ice Magic
  1563 | D:2      | Reached XP level 4. HP: 27/27 MP: 9/9
  1649 | D:2      | Learned a level 4 spell: Summon Ice Beast
  1947 | D:2      | Reached XP level 5. HP: 31/31 MP: 10/10
  2171 | D:2      | Reached skill level 1 in Summonings
  2349 | D:3      | Found an iron altar of Okawaru.
  2489 | D:3      | Found a faded altar to an unknown god.
  2942 | D:3      | Found a shimmering altar of Xom.
  2952 | D:3      | Found a glowing golden altar of the Shining One.
  2952 | D:3      | Found a bloodstained altar of Trog.
  3404 | D:5      | Entered Level 5 of the Dungeon
  3472 | D:5      | Reached XP level 6. HP: 27/36 MP: 7/11
  3584 | D:5      | Reached skill level 2 in Summonings
  3601 | D:5      | Noticed a centaur
  3613 | D:5      | Killed a centaur
  3613 | D:5      | Reached skill level 4 in Spellcasting
  3613 | D:5      | Reached skill level 5 in Ice Magic
  4826 | D:5      | Learned a level 4 spell: Throw Icicle
  4848 | D:5      | Noticed Menkaure
  5040 | D:5      | Reached XP level 7. HP: 41/41 MP: 13/13
  5080 | D:5      | Killed Menkaure
  5080 | D:5      | Reached skill level 3 in Summonings
  5540 | D:5      | Found a snail-covered altar of Cheibriados.
  5563 | D:5      | Found a burning altar of Makhleb.
  5612 | D:6      | Found a staircase to the Ecumenical Temple.
  5635 | Temple   | Entered the Ecumenical Temple
  5729 | Temple   | Became a worshipper of Sif Muna the Loreminder
  5754 | D:6      | Noticed Prince Ribbit
  5773 | D:6      | Killed Prince Ribbit
  5773 | D:6      | Reached skill level 5 in Spellcasting
  5773 | D:6      | Reached skill level 6 in Ice Magic
  6155 | D:6      | Reached skill level 4 in Summonings
  6155 | D:6      | Reached XP level 8. HP: 7/46 MP: 7/15
  6466 | D:6      | Reached * piety under Sif Muna
  6895 | D:6      | Reached skill level 1 in Charms
  7493 | D:6      | Noticed Edmund
  7508 | D:6      | Killed Edmund
  7508 | D:6      | Reached skill level 2 in Charms
  7895 | D:6      | Reached skill level 1 in Fighting
  8185 | D:7      | Reached skill level 6 in Spellcasting
  8185 | D:7      | Reached skill level 7 in Ice Magic
  8223 | D:7      | Noticed Pikel
  8516 | D:6      | Mangled by Pikel

Vault maps used:
D:1:      dpeg_arrival_three_same_balls
D:2:      uniq_crazy_yiuf_cottage
D:3:      okawaru_metal_pillars_1_2, minitemple, ecumenical_altar_1
D:4:      first_bread
D:5:      bloody_makhleb, basic_altar, grunt_ministairs_9, uniq_menkaure
D:6:      minmay_temple_entry_purple_smoke, lexackson_kobold_supper,
          uniq_prince_ribbit1, uniq_edmund
D:7:      uniq_pikel
Temple:   circular_temple_12

Vanquished Creatures
  Prince Ribbit Menkaure Edmund
  An ice beast
  A black bear
  A phantom
  2 slaves
  2 centaurs
  A big kobold
  2 giant frogs
  A scorpion
  4 orc wizards Crazy Yiuf
  A centaur skeleton
  A jelly
  2 hounds
  A worker ant
  An iguana
  A hound zombie
  A hound skeleton
  4 gnolls
  10 adders
  2 shadow imps
  An ooze
  An adder skeleton
  A worm
  8 giant geckos
  8 orcs
  A ball python
  8 giant cockroaches
  9 goblins
  7 hobgoblins
  2 quokkas
  A ball python skeleton
  13 bats
  A giant cockroach zombie
  4 giant newts
  9 jackals
  11 kobolds
  12 rats
  A plant
141 creatures vanquished.
